 Dungeon Crawl Stone Soup version 0.31-a0-986-g5e6e4ef867 (webtiles) character file.

Game seed: 5042753810155503544

3774 logorrheac the Grappler (level 9, -3/89 HPs)
             Began as a Troll Berserker on Nov 17, 2023.
             Was an Elder of Trog.
             Slain by Erica
             ... wielding a +1 scimitar of flaming
              (7 damage)
             ... on level 8 of the Dungeon.
             The game lasted 00:22:13 (5496 turns).

logorrheac the Grappler (Troll Berserker)           Turns: 5496, Time: 00:22:13

Health: -3/89      AC:  7    Str: 38    XL:     9   Next: 95%
Magic:  8/8        EV:  8    Int:  3    God:    Trog [****..]
Gold:   492        SH:  0    Dex:  9    Spells: 8/8 levels left

rFire   . . .        C - +7 war axe of Gluttony {pain, rElec Str+7}
rCold   + . .        (no shield)
rNeg    . . .        c - +2 robe {rC+}
rPois   .            l - +1 hat
rElec   +            (no cloak)
rCorr   .            (gloves unavailable)
SInv    .            (boots unavailable)
Will    +++..        j - amulet of the acrobat Stlth
                     h - ring of willpower
HPRegen 2.14/turn    i - +4 ring of slaying
MPRegen 0.11/turn

%: acrobat
@: silenced, grasped by roots, strong-willed, regenerating, constricted
A: large, unfitting armour, claws 3, regeneration 1, shaggy fur 1, tough skin 1
a: Renounce Religion


You were on level 8 of the Dungeon.
You worshipped Trog.
Trog was greatly pleased with you.
You visited 2 branches of the dungeon, and saw 9 of its levels.

You collected 492 gold pieces.

Inventory:

Hand Weapons
 C - the +7 war axe of Gluttony (weapon) {pain, rElec Str+7}
   (You found it on level 7 of the Dungeon)

   Str+7:     It affects your strength (+7).
   rElec:     It insulates you from electricity.
Missiles
 y - 2 throwing nets
Armour
 a - a +0 animal skin
 c - a +2 robe of cold resistance (worn)
 l - a +1 hat (worn)
 p - a +0 cloak
Jewellery
 d - a +6 ring of intelligence
 h - a ring of willpower (left claw)
 i - a +4 ring of slaying (right claw)
 j - an amulet of the acrobat (around neck)
 k - a ring of flight
 n - a ring of resist corrosion
 B - a ring of protection from cold
Wands
 m - a wand of polymorph (11)
 z - a wand of flame (11)
 F - a wand of charming (10)
Scrolls
 e - a scroll of brand weapon
 f - a scroll of amnesia
 g - 2 scrolls of identify
 o - 4 scrolls of immolation
 t - a scroll of revelation {unknown}
 w - a scroll of enchant armour {unknown}
 x - a scroll of poison {unknown}
 A - 2 scrolls of fog {unknown}
 D - a scroll of teleportation {unknown}
 E - a scroll of noise {unknown}
Potions
 q - 4 potions of heal wounds {unknown}
 r - a potion of attraction {unknown}
 s - 3 potions of curing {unknown}
 u - a potion of berserk rage
 v - a potion of haste


   Skills:
 - Level 6.1 Fighting
 * Level 3.8 Axes
 - Level 6.1 Dodging
 - Level 10.0 Unarmed Combat


You had 8 spell levels left.
You didn't know any spells.
Your spell library was empty.

Dungeon Overview and Level Annotations

Branches:
Dungeon (8/15)             Temple (1/1) D:7
   Lair: D:8-11

Altars:
Ashenzari
Dithmenos
Elyvilon
Fedhas
Gozag
Hepliaklqana
Kikubaaqudgha
Makhleb
Nemelex Xobeh
Okawaru
Qazlal
Ru
Sif Muna
Trog
Uskayaw
Vehumet
Wu Jian
Xom
Yredelemnul
Zin
The Shining One

Shops:
D:4 :

Annotations:
D:8 Erica


Innate Abilities, Weirdness & Mutations

You are too large for most types of armour.
You have claws for hands.
Your natural rate of healing is unusually fast.
You are covered in fur. (AC +1)
You have tough skin. (AC +1)


Message History

Erica is unaffected.
The grasping roots constrict you!
You hear a shout!
You closely miss Erica. You claw Erica!!
Erica is heavily wounded.
Erica hits you with a +1 scimitar of flaming.
Erica burns you. The grasping roots constrict you.
You closely miss Erica.
Erica is moderately wounded.
Erica hits you with a +1 scimitar of flaming!
Erica burns you. The grasping roots constrict you!
Erica hits you with a +1 scimitar of flaming!
Erica burns you. The grasping roots constrict you!
* * * LOW HITPOINT WARNING * * *
The grasping roots release their grip on you.
You hit Erica.
Erica is moderately wounded.
Erica mumbles some strange words.
Erica flickers and vanishes!
Deactivating autopickup; reactivate with Ctrl-A.
You slash something! Your claw misses something.
Something hits you but does no damage.
Unknown command.
Okay, then.
Your skin crawls.
You feel strong-willed.
You hear a zap.
The roots erupt in riotous growth!
The grasping roots grab you!
You are constricted!
* * * LOW HITPOINT WARNING * * *
You hear a shout!
As you read the scroll of silence, it crumbles to dust.
A profound silence engulfs you. Something hits you!
* * * LOW HITPOINT WARNING * * *
Something burns you.
* * * LOW HITPOINT WARNING * * *
You are constricted!
* * * LOW HITPOINT WARNING * * *
You slash something! Something hits you!
You die...

#### #####.)....#
....#####..).......#
#.....)...#........#
#.........##.......#
#.........##.......###
..........##..........
..........##.......###
..........##..........
............{@.....####
.....##...#.###.##....
.. .....
#.........#........
.....
###.......#..###..# ..
#.§≈.§..#........
#.~.§.§.......#
#....~.§..)....#.#
$.....§...#........
.###.......#..##.#.#...#


There were no monsters in sight!

Vanquished Creatures
  Sigmund (D:3)
  4 yaks (D:8)
  Eustachio (D:4)
  Duvessa (D:4)
  A water moccasin (D:7)
  An ice beast (D:7)
  A sky beast (D:7)
  3 ogres
  A tengu (D:4)
  2 centaurs
  A phantom (D:6)
  2 kobold brigands
  2 bullfrogs
  5 scorpions
  9 wights (D:7)
  8 hounds
  2 gnoll boudas
  An orc priest (D:7)
  A sleepcap (D:6)
  Crazy Yiuf (D:4)
  A jelly (D:7)
  2 orc wizards
  6 iguanas
  8 gnolls
  8 adders
  A shadow imp (D:6)
  3 white imps
  2 ufetubi (D:5)
  4 worms
  3 dart slugs
  22 orcs
  11 ball pythons
  6 bats
  7 endoplasms
  A giant cockroach (D:4)
  6 goblins
  7 hobgoblins
  4 jackals (D:4)
  4 quokkas
  5 frilled lizards
  13 kobolds
  3 rats
175 creatures vanquished.

Notes
Turn   | Place    | Note
-------+----------+-------------------------------------------
     0 | D:1      | logorrheac the Troll Berserker began the quest for the Orb.
     0 | D:1      | Reached XP level 1. HP: 22/22 MP: 0/0
    91 | D:1      | Reached XP level 2. HP: 29/29 MP: 1/1
   783 | D:2      | Reached XP level 3. HP: 36/36 MP: 2/2
   835 | D:2      | Reached ** piety under Trog
   853 | D:2      | Found a faded altar of an unknown god.
  1476 | D:3      | Noticed Sigmund
  1480 | D:2      | Reached skill level 4 in Unarmed Combat
  1617 | D:3      | Reached XP level 4. HP: 43/45 MP: 3/3
  1829 | D:3      | Noticed a centaur
  1839 | D:3      | Killed a centaur
  1840 | D:3      | Reached XP level 5. HP: 23/53 MP: 4/4
  1860 | D:3      | Killed Sigmund
  1861 | D:3      | Reached skill level 5 in Unarmed Combat
  1861 | D:3      | Reached XP level 6. HP: 51/61 MP: 5/5
  2155 | D:4      | Found a shadowy altar of Dithmenos.
  2195 | D:4      | Found Ejapus's Vocational Training.
  2200 | D:4      | Reached skill level 6 in Unarmed Combat
  2208 | D:4      | Reached XP level 7. HP: 63/68 MP: 6/6
  2210 | D:4      | Noticed Duvessa
  2213 | D:4      | Noticed Dowan
  2224 | D:4      | Killed Duvessa
  2240 | D:4      | Dowan changed into Dowan the tengu
  2240 | D:4      | Noticed Dowan
  2266 | D:4      | Noticed Eustachio
  2375 | D:4      | Killed Dowan the tengu
  2538 | D:4      | Reached skill level 7 in Unarmed Combat
  2678 | D:4      | Found a runed translucent door.
  2679 | D:4      | Noticed Crazy Yiuf
  2781 | D:4      | Found a shimmering altar of Xom.
  2832 | D:4      | Killed Eustachio
  2833 | D:4      | Reached XP level 8. HP: 79/79 MP: 7/7
  2870 | D:4      | Killed Crazy Yiuf
  2924 | D:5      | Entered Level 5 of the Dungeon
  2985 | D:5      | Found a bloodstained altar of Trog.
  3206 | D:5      | Reached skill level 8 in Unarmed Combat
  3280 | D:5      | Reached *** piety under Trog
  3312 | D:5      | Reached skill level 5 in Fighting
  3312 | D:5      | Reached skill level 5 in Dodging
  3817 | D:6      | Found an ornate altar of the Wu Jian Council.
  4207 | D:7      | Found a staircase to the Ecumenical Temple.
  4257 | D:7      | Reached XP level 9. HP: 57/84 MP: 8/8
  4258 | D:7      | Reached skill level 9 in Unarmed Combat
  4319 | D:7      | Identified the +7 war axe of Gluttony {pain, rElec Str+7}
  4519 | D:7      | Reached **** piety under Trog
  5086 | D:7      | Reached skill level 10 in Unarmed Combat
  5263 | Temple   | Entered the Ecumenical Temple
  5272 | D:8      | Noticed Erica
  5366 | D:8      | Found a stormy altar of Qazlal.
  5370 | D:8      | Reached skill level 1 in Axes
  5401 | D:8      | Found a hide-covered altar of Uskayaw.
  5495 | D:8      | HP: 2/89 [something (8)]
  5496 | D:8      | Slain by Erica

Illustrated notes

Levels and vault maps discovered:
D:1:      minmay_arrival_split_and_join, layout_loops_ring, minmay_pentomino_p2
D:2:      layout_loops_ring, hellmonk_ecumenical_altar_pennies_from_heaven
D:3:      layout_basic, uniq_sigmund
D:4:      layout_cave_pools, nicolae_dithmenos_through_a_glass_darkly, tgw_xom,
          nicolae_shop_vocational, uniq_duvessa, uniq_crazy_yiuf_cottage,
          uniq_eustachio
D:5:      layout_loops_ring, mainiacjoe_overflow_chevrons
D:6:      layout_loops_cross, pdpol_wu_jian_five_deadly_venoms,
          supply_closet_lemuel, lexackson_kobold_supper
D:7:      layout_basic, minmay_temple_entry_trees
D:8:      layout_basic, mainiacjoe_overflow_surrounded_room,
          nicolae_qazlal_scattered_showers, kennysheep_donut,
          small_statue_alley_b, minmay_statues_item, uniq_erica, uniq_joseph
Temple:   bh_familiar_temple

Skill      XL: |  1  2  3  4  5  6  7  8  9 |
---------------+----------------------------+-----
Unarmed Combat | 4 5 6 7 8 10 | 10.0
Fighting       | 3 4 5 6 |  6.1
Dodging        | 3 4 5 6 |  6.1
Axes           | 3 |  3.8

Action                     |  1- 3 |  4- 6 |  7- 9 || total
---------------------------+-------+-------+-------++-------
  Melee: Unarmed           |    77 |    60 |   241 ||   378
         Punch             |     2 |     1 |     9 ||    12
         War axe           |       |       |    26 ||    26
 Invoke: Trog's Hand       |       |     1 |     6 ||     7
         Berserk           |       |       |     4 ||     4
  Evoke: Wand              |       |       |     1 ||     1
    Use: Scroll            |       |       |     5 ||     5
         Potion            |       |       |     3 ||     3
 Armour: Animal skin       |    51 |    27 |    33 ||   111
         Robe              |       |       |   128 ||   128
  Dodge: Dodged            |    38 |    39 |   162 ||   239

Table legend: (Time is in decaauts)
 A = Elapsed time spent in this place.
 B = Non-inter-level travel time spent in this place.
 C = Inter-level travel time spent in this place.
 D = Time resting spent in this place.
 E = Time spent auto-exploring this place.
 F = Levels seen in this place.
 G = Mean time per level.
                   A        B        C        D        E       F      G
               +--------+--------+--------+--------+--------+-----+--------+
         Total |   5473 |   5002 |    471 |    206 |   3436 |   9 |  608.1 |
       Dungeon |   5471 |   5000 |    471 |    206 |   3436 |   8 |  683.9 |
        Temple |      1 |      1 |      0 |      0 |      0 |   1 |    1.0 |
               +--------+--------+--------+--------+--------+-----+--------+

Top non-repeatable levels by time:
     D:7: 1141 daAuts
     D:6: 806 daAuts
     D:1: 773 daAuts
     D:4: 736 daAuts
     D:2: 719 daAuts
     D:3: 680 daAuts
     D:5: 458 daAuts
     D:8: 154 daAuts
  Temple: 1 daAuts
